 Dungeon Crawl Stone Soup version 0.32-a0-42-ga30500b4d3 (webtiles) character file.

Game seed: 3142969069504653345

33 iamserjio the Firebug (level 3, -1/19 HPs)
             Began as a Tengu Fire Elementalist on Feb 2, 2024.
             Slain by a river rat (4 damage)
             ... in a sewer.
             The game lasted 00:03:47 (457 turns).

iamserjio the Firebug (Tengu Fire Elementalist)      Turns: 457, Time: 00:03:47

Health: -1/19      AC:  2    Str:  8    XL:     3   Next: 29%
Magic:  2/7        EV: 12    Int: 17    God:
Gold:   31         SH:  0    Dex: 14    Spells: 2/6 levels left

rFire   . . .        e - +0 spear (venom)
rCold   + . .        (no shield)
rNeg    . . .        a - +0 robe
rPois   .            (helmet restricted)
rElec   .            (no cloak)
rCorr   .            (no gloves)
SInv    .            (boots unavailable)
Will    .....        (no amulet)
Stlth   ++           j - ring of protection from cold
HPRegen 0.23/turn    (no ring)
MPRegen 0.10/turn

%: acrobat
@: very slightly contaminated
A: beak, talons 3, acrobatic
a: no special abilities


You were in a sewer.
You visited 1 branch of the dungeon, and saw 4 of its levels.
You also visited: Sewer.

You collected 31 gold pieces.

Inventory:

Hand Weapons
 e - a +0 spear of venom (weapon)
Missiles
 d - a throwing net {!f}
Armour
 a - a +0 robe (worn)
Jewellery
 j - a ring of protection from cold (left hand)
Scrolls
 c - a scroll of torment {unknown}
 f - a scroll of teleportation {unknown}
 i - 2 scrolls of identify {unknown}
 k - a scroll of enchant weapon {unknown}
 l - a scroll of fog {unknown}
 m - a scroll of silence {unknown}
Potions
 g - a potion of lignification {unknown}
 h - a potion of curing {@q1}


   Skills:
 + Level 0.0 Fighting
 - Level 2.1 Dodging
 - Level 2.0 Stealth
 + Level 2.4 Spellcasting
 + Level 2.2 Conjurations
 * Level 4.1 Fire Magic


You had 2 spell levels left.
You knew the following spells:

 Your Spells              Type           Power      Damage    Failure   Level
a - Foxfire               Conj/Fire      48%        2x1d6     4%          1
b - Scorch                Fire           32%        2d6       5%          2
c - Apportation           Tloc           4%         N/A       19%         1

Your spell library contained the following spells:

 Spells                   Type           Power      Damage    Failure   Level
 Necrotise                Necr           8%         1d4       19%         1
 Jinxbite                 Hex            4%         N/A       28%         2
 Inner Flame              Hex/Fire       9%         N/A       24%         3
 Volatile Blastmotes      Fire/Tloc      18%        2d11      24%         3
 Flame Wave               Conj/Fire      12%        2d6       45%         4
 Vampiric Draining        Necr           2%         2d6       50%         3
 Martyr's Knell           Necr/Summ      2%         N/A       88%         4
 Alistair's Intoxication  Alch           1%         N/A       99%         5
 Curse of Agony           Necr           2%         N/A       99%         5
 Chain Lightning          Conj/Air       2%         3d3       100%        9
 Fire Storm               Conj/Fire      6%         8d2       100%        9
 Shatter                  Erth           1%         3d5*      100%        9


Dungeon Overview and Level Annotations

Branches:
Dungeon (4/15) Zot: 23552   Sewer (1/1) Zot: 5984
 Temple: D:4-7

Altars:


Innate Abilities, Weirdness & Mutations

You have a beak for a mouth.
You have claws for feet.
You can magically evade attacks while moving or waiting.


Message History

You hit the river rat but do no damage.
The river rat is poisoned.
The river rat is no longer more vulnerable to fire.
The river rat closely misses you. The river rat bites you.
Casting: Scorch (safe; 5% risk of failure) Flames lash the river rat but do no damage.
The river rat bites you but does no damage.
The river rat barely misses you.
You completely miss the river rat.
You claw the river rat, but do no damage.
Your peck misses the river rat. The river rat barely misses you.
The river rat closely misses you.
You hit the river rat but do no damage. Your kick misses the river rat.
You punch the river rat, but do no damage.
The river rat misses you. The river rat bites you.
You barely miss the river rat. The river rat bites you!
* * * LOW HITPOINT WARNING * * *
The river rat misses you.
It was a potion of curing.
You feel better. The river rat bites you. x2
* * * LOW HITPOINT WARNING * * *
Okay, then.
Magic courses through your body. The river rat bites you.
* * * LOW HITPOINT WARNING * * *
The river rat barely misses you.
Casting: Scorch (safe; 5% risk of failure) Flames lash the river rat.
The river rat's fire resistance burns away.
The river rat bites you.
* * * LOW HITPOINT WARNING * * *
The river rat bites you but does no damage.
Casting: Scorch (safe; 5% risk of failure) Flames lash the rat.
You kill the rat!
The river rat bites you.
* * * LOW HITPOINT WARNING * * *
The river rat misses you.
Casting: Scorch (safe; 5% risk of failure)
You miscast Scorch.
You are very lightly contaminated with residual magic.
Nothing appears to happen.
The river rat bites you.
You die... ################ #....rr@rr.....~ ################

You could see 2 river rats and 2 rats.

Vanquished Creatures
  2 ribbon worms (D:3)
  3 orcs (D:3)
  3 bats
  2 endoplasms (D:1)
  A giant cockroach (D:3)
  4 hobgoblins
  3 kobolds
  A quokka (D:2)
  A ball python (D:2)
  4 rats
24 creatures vanquished.

Vanquished Creatures (others)
  40 foxfires
40 creatures vanquished.

Grand Total: 64 creatures vanquished

Notes
Turn   | Place    | Note
-------+----------+-------------------------------------------
     0 | D:1      | iamserjio the Tengu Fire Elementalist began the quest for
                  | the Orb.
     0 | D:1      | Reached XP level 1. HP: 10/10 MP: 4/4
   206 | D:1      | Reached XP level 2. HP: 15/15 MP: 0/6
   209 | D:1      | Learned a level 2 spell: Scorch
   332 | D:3      | Learned a level 1 spell: Apportation
   341 | D:3      | Reached skill level 4 in Fire Magic
   341 | D:3      | Reached XP level 3. HP: 12/19 MP: 0/7
   419 | D:3      | Found a glowing drain.
   443 | Sewer    | Entered a sewer
   457 | Sewer    | Slain by a river rat

Illustrated notes

Levels and vault maps discovered:
D:1:      minmay_arrival_wavy_path, layout_basic
D:2:      layout_loops_ring
D:3:      layout_basic, serial_curves, eino_curves_03, eino_curves_03,
          dreamdust_ecumenical_altar_hidden_monk_grotto,
          cheibrodos_sewer_entry_bend
D:4:      layout_rooms, mainiacjoe_overflow_paths, minmay_statues_item
Sewer:    sewer_kobolds

Skill      XL: |  1  2 |
---------------+-------+-----
Conjurations   | 2 |  2.2
Fire Magic     | 4 |  4.1
Dodging        | |  2.1
Stealth        | |  2.0
Spellcasting   | |  2.4

Action                     || total
---------------------------++-------
  Melee: Spear             ||    20
         Kick              ||     4
         Peck              ||     2
         Punch             ||     2
   Cast: Foxfire           ||    25
         Scorch            ||     5
    Use: Potion            ||     2
   Stab: Sleeping          ||     1
 Armour: Robe              ||    18
  Dodge: Dodged            ||    22

Table legend: (Time is in decaauts)
 A = Elapsed time spent in this place.
 B = Non-inter-level travel time spent in this place.
 C = Inter-level travel time spent in this place.
 D = Time resting spent in this place.
 E = Time spent auto-exploring this place.
 F = Levels seen in this place.
 G = Mean time per level.
                   A        B        C        D        E       F      G
               +--------+--------+--------+--------+--------+-----+--------+
         Total |    461 |    423 |     38 |      0 |     21 |   5 |   92.2 |
       Dungeon |    447 |    409 |     38 |      0 |     21 |   4 |  111.8 |
         Sewer |     14 |     14 |      0 |      0 |      0 |   1 |   14.0 |
               +--------+--------+--------+--------+--------+-----+--------+

Top non-repeatable levels by time:
     D:1: 204 daAuts
     D:3: 137 daAuts
     D:2: 97 daAuts
   Sewer: 14 daAuts
     D:4: 7 daAuts
